 Dungeon Crawl Stone Soup version 0.30.1-3-gfc49f6343a (webtiles) character file.

Game seed: 13790625305882827628

32 Anriel the Shooter (level 3, 0/21 HPs)
             Began as a Deep Elf Hunter on July 31, 2023.
             Slain by an adder (3 damage)
             ... on level 3 of the Dungeon.
             The game lasted 00:06:07 (1214 turns).

Anriel the Shooter (Deep Elf Hunter)                Turns: 1214, Time: 00:06:08

Health: 0/21       AC:  3    Str: 14    XL:     3   Next: 8%
Magic:  5/5        EV: 13    Int: 13    God:
Gold:   49         SH:  0    Dex: 20    Spells: 2/2 levels left

rFire   . . .        a - +0 shortbow
rCold   . . .        (shield currently unavailable)
rNeg    . . .        c - +0 leather armour
rPois   +            (no helmet)
rElec   .            (no cloak)
rCorr   .            (no gloves)
SInv    .            (no boots)
Will    .....        (no amulet)
Stlth   ++           i - ring of poison resistance
HPRegen 0.23/turn    j - +6 ring of strength
MPRegen 0.09/turn

%: no passive effects
@: no status effects
A: no striking features
a: no special abilities


You were on level 3 of the Dungeon.
You visited 1 branch of the dungeon, and saw 3 of its levels.

You collected 49 gold pieces.

Inventory:

Hand Weapons
 a - a +0 shortbow (weapon)
Armour
 c - a +0 leather armour (worn)
Jewellery
 i - a ring of poison resistance (left hand)
 j - a +6 ring of strength (right hand)
Scrolls
 b - a scroll of immolation
 d - a scroll of magic mapping
 g - 2 scrolls of teleportation
Potions
 e - a potion of lignification {unknown}
 f - 3 potions of flight


   Skills:
 * Level 2.2 Fighting
 + Level 5.6 Ranged Weapons
 + Level 2.9 Dodging
 + Level 2.1 Stealth


You had 2 spell levels left.
You didn't know any spells.
Your spell library was empty.

Dungeon Overview and Level Annotations

Branches:
Dungeon (3/15)

Altars:

Shops:
D:2 ?


Message History

Press: ? - help, Q - select action Shift-Dir - straight line, f/p - gnoll
Aim: a gnoll, wielding a +0 flail (moderately wounded, 68% to hit)
You shoot an arrow. The arrow hits the gnoll!
The gnoll is almost dead.
You shoot an arrow.
The arrow hits the adder but does no damage.
The adder bites you. The adder bites you but does no damage.
You shoot an arrow. The arrow hits the adder.
The adder is heavily wounded.
The adder bites you.
You shoot an arrow. The arrow barely misses the adder.
The arrow hits the gnoll but does no damage.
The gnoll is severely wounded.
The adder bites you but does no damage. The adder completely misses you.
You shoot an arrow. The arrow barely misses the adder.
The arrow hits the gnoll.
You kill the gnoll!
The adder misses you.
You have reached level 3!
Your experience leads to an increase in your attributes!
Your base attributes are Str 8, Int 13, Dex 18.
Increase (S)trength, (I)ntelligence, or (D)exterity?
You feel agile. x2
You shoot an arrow. The arrow closely misses the adder.
The arrow hits the gnoll.
The gnoll is moderately wounded.
The adder completely misses you.
The gnoll hits you from afar with a +0 spear.
The adder bites you but does no damage.
The gnoll hits you from afar with a +0 spear.
You shoot an arrow. The arrow closely misses the adder.
The arrow hits the gnoll but does no damage.
The gnoll is moderately wounded.
The adder bites you.
* * * LOW HITPOINT WARNING * * *
The gnoll hits you from afar with a +0 spear.
* * * LOW HITPOINT WARNING * * *
The adder closely misses you. The adder bites you.
You die...

### #@# #S#
#g# .g. .....
.......
.........
...........
#...........#


You could see 2 gnolls and an adder.

Vanquished Creatures
  A gnoll (D:3)
  2 ball pythons (D:1)
  An endoplasm (D:2)
  A giant cockroach (D:2)
  3 hobgoblins
  A quokka (D:1)
  4 bats
  4 frilled lizards
  3 kobolds
  3 rats
23 creatures vanquished.

Notes
Turn   | Place    | Note
-------+----------+-------------------------------------------
     0 | D:1      | Anriel the Deep Elf Hunter began the quest for the Orb.
     0 | D:1      | Reached XP level 1. HP: 12/12 MP: 3/3
   275 | D:1      | Reached XP level 2. HP: 17/17 MP: 4/4
   657 | D:2      | Found The Oracle's Delphic Readings.
   819 | D:2      | Found a faded altar of an unknown god.
  1212 | D:3      | Reached XP level 3. HP: 15/21 MP: 5/5
  1214 | D:3      | Slain by an adder

Illustrated notes

Levels and vault maps discovered:
D:1:      lightli_arrival_farm, layout_rooms, minmay_misc_feat_square,
          chequers_serial_rivers_room_b, nicolae_concentric_dashed_squares_wild
D:2:      layout_basic, ebering_ecumenical_altar_rust, wad_floor_pattern_1,
          nicolae_nh_oracle_at_delphi
D:3:      layout_basic, moated_statue, minmay_misc_feat_nine_boxes, st_stairs_5

Skill      XL: |  1  2 |
---------------+-------+-----
Fighting       | 2 |  2.2
Stealth        | 2 |  2.1
Ranged Weapons | |  5.6
Dodging        | |  2.9

Action                     || total
---------------------------++-------
   Fire: Shortbow          ||    54
    Use: Scroll            ||     6
 Armour: Leather armour    ||     8
  Dodge: Dodged            ||    24
